 Dungeon Crawl Stone Soup version 0.16.1-16-gc44b35d (webtiles) character file.

53 Chiseanne the Conjurer (level 3, 0/16 HPs)
             Began as a Vine Stalker Conjurer on Apr 28, 2015.
             Slain by a jackal (2 damage)
             ... on level 2 of the Dungeon.
             The game lasted 00:03:54 (1667 turns).

Chiseanne the Conjurer (Vine Stalker Conjurer)      Turns: 1667, Time: 00:03:55

Health: 0/16       AC:  2    Str: 10    XL:     3   Next: 87%
Magic:  0/7        EV: 12    Int: 16    God:
Gold:   82         SH:  0    Dex: 14    Spells: 3 memorised, 1 level left

rFire  . . .     SeeInvis .     a - +2 short sword (speed)
rCold  . . .     Clarity  .     i - +0 robe
rNeg   . . .     SustAb   .     (no shield)
rPois  .         Gourm    .     (no helmet)
rElec  .         Spirit   +     (no cloak)
rCorr  .         Warding  .     (no gloves)
rMut   .         Stasis   .     (no boots)
MR     .....                    (no amulet)
Stlth  ++........               (no ring)
                                (no ring)

@: lethally poisoned (0 -> -1), not resistant to hostile enchantments,
unstealthy
A: fangs 2, regeneration 1, magic shield, antimagic bite, no device heal 3, rot
immunity
a: no special abilities


You were on level 2 of the Dungeon.
You were not hungry.

You visited 1 branch of the dungeon, and saw 2 of its levels.

You collected 82 gold pieces.

Inventory:

Hand weapons
 a - a +2 short sword of speed (weapon)
Armour
 i - a +0 robe (worn)
Jewellery
 m - an uncursed amulet of stasis
Scrolls
 d - 3 scrolls of remove curse
Potions
 e - a potion of restore abilities
 h - a potion of curing
Books
 c - a book of Conjurations

   Spells                             Type                      Level
   a - Magic Dart                     Conjuration                  1
   b - Searing Ray                    Conjuration                  2
   c - Dazzling Spray                 Conjuration/Hexes            3
   d - Fulminant Prism                Conjuration/Hexes            4
   e - Iskenderun's Mystic Blast      Conjuration                  4
   f - Iskenderun's Battlesphere      Conjuration/Charms           5
Comestibles
 b - 2 bread rations
 f - 2 fruits
 g - a chunk of flesh
 j - 2 meat rations
 k - a royal jelly


   Skills:
 - Level 1.5 Dodging
 - Level 2.4 Stealth
 * Level 2.9 Spellcasting
 * Level 5.0 Conjurations


You had one spell level left.
You knew the following spells:

 Your Spells              Type           Power        Failure   Level  Hunger
a - Magic Dart            Conj           ###.         2%          1    #......
b - Searing Ray           Conj           ###...       4%          2    ##.....
c - Dazzling Spray        Conj/Hex       ##......     21%         3    ###....


Dungeon Overview and Level Annotations

Branches:
Dungeon (2/15)

Altars:
Yredelemnul


Innate Abilities, Weirdness & Mutations

You have extremely sharp teeth.
Your natural rate of healing is unusually fast.
When hurt, damage is shared between your health and your magic reserves.
Your bite disrupts and absorbs the magic of your enemies.
Potions and wands cannot restore your health.
You are immune to rotting.


Message History

The jackal barely misses you.
Your magical contamination has completely faded away.
You hit the jackal. Your bite misses the jackal.
The jackal is severely wounded.
The jackal bites you.
* * * LOW HITPOINT WARNING * * *
You closely miss the jackal. Your bite misses the jackal.
The jackal is severely wounded.
You feel sick. The jackal completely misses you.
You barely miss the jackal. Your bite misses the jackal.
The jackal is severely wounded.
The jackal closely misses you.
You hit the jackal.
You kill the jackal!
You hit the jackal but do no damage. The jackal bites you.
* * * LOW HITPOINT WARNING * * *
You hit the jackal.
The jackal is severely wounded.
The jackal bites you.
You die...

#############
###...........#
#.....#######.#
##.....#######.########
#.......@h.............
#......#######.########
#......# #.# #.##.###
#.# #.##.# #†#
#.##.............h.#
#.########.#######.#
#.# #.#


You could see a jackal.

Vanquished Creatures
  2 adders (D:2)
  3 giant geckos (D:1)
  An orc (D:2)
  4 bats
  2 goblins (D:2)
  3 hobgoblins
  5 jackals
  A quokka (D:2)
  2 giant cockroaches
  2 giant newts (D:1)
  5 kobolds
  2 rats
32 creatures vanquished.

Notes
Turn   | Place    | Note
--------------------------------------------------------------
     0 | D:1      | Chiseanne, the Vine Stalker Conjurer, began the quest for the Orb.
     0 | D:1      | Reached XP level 1. HP: 9/9 MP: 3/3
   368 | D:1      | Reached XP level 2. HP: 13/13 MP: 0/6
   500 | D:1      | Learned a level 2 spell: Searing Ray
  1185 | D:2      | Reached XP level 3. HP: 12/16 MP: 7/7
  1246 | D:2      | Found a basalt altar of Yredelemnul.
  1465 | D:2      | Learned a level 3 spell: Dazzling Spray
  1650 | D:2      | Reached skill level 5 in Conjurations
  1667 | D:2      | Slain by a jackal

Action                   || total
-------------------------++-------
Melee: Unarmed           ||     3
       Club              ||     1
       Short sword       ||    40
 Cast: Magic Dart        ||    52
  Use: Scroll            ||     6
 Stab: Sleeping          ||     1
  Eat: Chunk             ||     3
